 Dungeon Crawl Stone Soup version 0.24.0-1-gfbc8707 (webtiles) character file.

Game seed: 10861508441449400825, levelgen mode: deterministic

8937 Fang the Fighter (level 11, -4/109 HPs)
             Began as a Gargoyle Berserker on Oct 31, 2019.
             Was a High Priest of Trog.
             Slain by Urug
             ... wielding a +2 great sword
              (14 damage)
             ... on level 10 of the Dungeon.
             The game lasted 00:13:29 (11288 turns).

Fang the Fighter (Gargoyle Berserker)              Turns: 11288, Time: 00:13:30

Health: -4/109     AC: 27    Str: 28    XL:     11   Next: 38%
Magic:  11/11      EV: 10    Int:  9    God:    Trog [*****.]
Gold:   503        SH:  0    Dex:  9    Spells: 10/10 levels left

rFire    . . .     SeeInvis .   a - +1 war axe
rCold    + . .     Gourm    .   (no shield)
rNeg     + . .     Faith    .   b - +2 plate armour {MR+}
rPois    ∞         Spirit   .   u - +2 helmet
rElec    +         Reflect  .   (no cloak)
rCorr    .         Harm     .   (no gloves)
MR       +....                  (no boots)
Stlth    ..........             (no amulet)
HPRegen  0.28/turn              B - ring of protection from cold
MPRegen  0.12/turn              (no ring)

@: berserking, very quick
A: negative energy resistance 1, electricity resistance, unbreathing,
petrification resistance, rot immunity, AC +8
a: Berserk, Trog's Hand, Brothers in Arms, Renounce Religion


You were on level 10 of the Dungeon.
You worshipped Trog.
Trog was extremely pleased with you.
You were not hungry.

You visited 2 branches of the dungeon, and saw 11 of its levels.
You also visited: Sewer and Bailey.

You collected 503 gold pieces.

Inventory:

Hand Weapons
 a - a +1 war axe (weapon)
Missiles
 m - 69 boomerangs (quivered)
Armour
 b - a +2 plate armour of magic resistance (worn)
 u - a +2 helmet (worn)
Jewellery
 B - a ring of protection from cold (left hand)
Wands
 d - a wand of iceblast (10)
 o - a wand of paralysis (1)
 w - a wand of flame (23)
 y - a wand of clouds (5)
 C - a wand of disintegration (15)
 F - a wand of scattershot (3)
Scrolls
 e - 7 scrolls of remove curse
 f - 2 scrolls of blinking
 i - 4 scrolls of identify
 l - 3 scrolls of teleportation
 n - a scroll of acquirement {unknown}
 t - a scroll of vulnerability {unknown}
 v - a scroll of fog
 A - 2 scrolls of magic mapping
Potions
 g - 2 potions of berserk rage
 h - 6 potions of heal wounds
 j - 7 potions of curing
 p - 3 potions of magic
 q - a potion of invisibility
 r - a potion of haste
 s - 2 potions of might
 z - a potion of agility
 G - a potion of flight
 I - 4 potions of mutation
Comestibles
 c - 15 rations
 k - 6 chunks of flesh


   Skills:
 * Level 10.5 Fighting
 * Level 8.9 Axes
 + Level 9.3 Armour
 + Level 7.1 Dodging


You had 10 spell levels left.
You didn't know any spells.
Your spell library was empty.

Dungeon Overview and Level Annotations

Branches:
Dungeon (10/15)            Temple (1/1) D:5            Lair (0/6) D:8
  Sewer (visited)          Bailey (visited)
    Orc: D:9-12

Altars:
Ashenzari
Cheibriados
Dithmenos
Gozag
Makhleb
Nemelex Xobeh
Qazlal
Sif Muna
Trog
Uskayaw
Vehumet
Xom

Annotations:
D:6 3 runed translucent doors, Southernist's ghost, novice OgWz
D:10 Urug


Innate Abilities, Weirdness & Mutations

You are resistant to torment.
Your stone body is resilient. (AC +8)
You are immune to poison.
You resist negative energy. (rN+)
You are resistant to electric shocks. (rElec)
You can survive without breathing.
You are immune to petrification.
You are immune to rotting.


Message History

* * * LOW HITPOINT WARNING * * *
You are too injured to fight recklessly!
You are too injured to fight recklessly!
You are too injured to fight recklessly!
You are too injured to fight recklessly!
You are too injured to fight recklessly!
You are too injured to fight recklessly!
You are too injured to fight recklessly!
You are too injured to fight recklessly!
You are too injured to fight recklessly!
You are too injured to fight recklessly!
You are too injured to fight recklessly!
A red film seems to cover your vision as you go berserk!
You feel yourself moving faster!
You feel mighty!
You feel quite a bit more hungry. Urug barely misses you.
You closely miss Urug. You slice Urug!!
Urug is moderately wounded.
Urug hits you with a +2 great sword!
You die...

######
.....###############
.....#.............#
.....#.............#####
#....#.....(............
..........(............
#....#.............#
#...............@..#
<....#...........o.#
.#.##..................
.#.##.#############.....
.#.##.#.....# .....
.#.##.#.....# .....
......#.....#######...#.
......#.....#.........#
......#.....#.........


You could see Urug.

Vanquished Creatures
  Erolcha (D:9)
  An unseen horror (D:8)
  An orc knight (Bailey)
  Joseph (D:9)
  A troll (D:8)
  A hippogriff (D:10)
  A wyvern (D:9)
  11 yaks
  4 hogs (D:8)
  A human (D:8)
  2 hungry ghosts
  A water moccasin (D:9)
  A black bear (D:6)
  3 sky beasts
  An orc warrior (D:7)
  A phantom (D:5)
  4 ogres
  An eye of draining (D:10)
  A wolf (D:8)
  2 centaurs
  A crocodile (D:10)
  4 bullfrogs
  7 big kobolds
  A wyvern zombie (D:10)
  5 scorpions
  6 howler monkeys
  6 electric eels (D:8)
  A centaur zombie (D:6)
  3 quasits
  A bullfrog zombie (D:8)
  9 hounds
  Ijyb (D:3)
  2 iguanas
  3 worker ants
  A hound skeleton (D:10)
  Robin (D:3)
  3 worker ant zombies
  20 adders
  13 gnolls (Bailey)
  5 shadow imps
  4 oozes
  An adder zombie (D:6)
  3 worms
  3 dart slugs
  7 leopard geckos
  9 orcs
  4 giant cockroaches
  9 goblins
  20 hobgoblins
  16 jackals
  46 kobolds
  8 quokkas
  5 ball pythons
  4 bats
  4 frilled lizards
  A jackal skeleton (D:4)
  A leopard gecko zombie (D:5)
  A quokka skeleton (D:8)
  12 rats
291 creatures vanquished.

Vanquished Creatures (others)
  A crimson imp (D:8)
  A hobgoblin (D:3)
  A kobold (D:8)
3 creatures vanquished.

Grand Total: 294 creatures vanquished

Notes
Turn   | Place    | Note
-------+----------+-------------------------------------------
     0 | D:1      | Fang the Gargoyle Berserker began the quest for the Orb.
     0 | D:1      | Reached XP level 1. HP: 14/14 MP: 1/1
    27 | D:1      | Reached XP level 2. HP: 11/19 MP: 2/2
   388 | D:1      | Reached XP level 3. HP: 23/23 MP: 3/3
   595 | D:1      | Reached ** piety under Trog
  1036 | D:2      | Reached XP level 4. HP: 5/29 MP: 4/4
  1362 | D:2      | Reached skill level 4 in Fighting
  1901 | D:3      | Reached XP level 5. HP: 21/33 MP: 5/5
  1931 | D:3      | Reached *** piety under Trog
  2031 | D:3      | Noticed Ijyb
  2032 | D:3      | Paralysed by Ijyb for 4 turns
  2039 | D:3      | Killed Ijyb
  2241 | D:3      | Found a glowing drain.
  2271 | Sewer    | Entered a sewer
  2324 | Sewer    | Noticed a big kobold
  2347 | Sewer    | Killed a big kobold
  2347 | Sewer    | Reached XP level 6. HP: 38/39 MP: 6/6
  3052 | Sewer    | Reached skill level 5 in Fighting
  3052 | Sewer    | Reached XP level 7. HP: 29/44 MP: 7/7
  3404 | D:3      | Noticed Robin
  3428 | D:3      | Killed Robin
  3779 | D:4      | Reached **** piety under Trog
  4060 | D:4      | Reached skill level 5 in Armour
  4353 | D:4      | Found a sparkling altar of Nemelex Xobeh.
  4389 | D:5      | Entered Level 5 of the Dungeon
  4488 | D:5      | Reached XP level 8. HP: 28/51 MP: 8/8
  4740 | D:5      | Reached skill level 6 in Fighting
  4790 | D:5      | Reached skill level 5 in Axes
  4858 | D:5      | Found a staircase to the Ecumenical Temple.
  4930 | Temple   | Entered the Ecumenical Temple
  5238 | D:5      | Found an opulent altar of Gozag.
  5298 | D:6      | Noticed a kobold demonologist
  5299 | D:6      | Noticed Southernist's ghost (novice OgWz)
  5311 | D:6      | Found a runed translucent gate.
  5311 | D:6      | Found a runed translucent gate.
  5313 | D:6      | Found a runed translucent gate.
  5881 | D:6      | Found a bloodstained altar of Trog.
  6028 | D:7      | Found a shadowy altar of Dithmenos.
  6264 | D:7      | Reached XP level 9. HP: 56/56 MP: 9/9
  6540 | D:7      | Reached skill level 7 in Fighting
  6887 | D:8      | Noticed a troll
  6894 | D:8      | Reached skill level 5 in Dodging
  6902 | D:8      | Killed a troll
  7172 | D:8      | Paralysed by fainting for 6 turns
  7489 | D:8      | Reached ***** piety under Trog
  7675 | D:8      | Found a staircase to the Lair.
  7696 | D:8      | Reached skill level 8 in Fighting
  8912 | D:8      | Killed an unseen horror
  8912 | D:8      | Reached XP level 10. HP: 55/64 MP: 10/10
  9189 | D:8      | Found an opulent altar of Gozag.
  9349 | D:9      | Noticed Erolcha
  9376 | D:9      | Killed Erolcha
  9376 | D:9      | Reached skill level 9 in Fighting
  9549 | D:9      | Noticed Joseph
  9567 | D:9      | Killed Joseph
  9629 | D:9      | Paralysed by fainting for 8 turns
  9758 | D:9      | Found a stormy altar of Qazlal.
  9759 | D:9      | Found a shattered altar of Ashenzari.
  9761 | D:9      | Found a radiant altar of Vehumet.
  9761 | D:9      | Found a snail-covered altar of Cheibriados.
 10120 | D:9      | Reached XP level 11. HP: 54/72 MP: 11/11
 10128 | D:9      | Reached skill level 10 in Fighting
 10455 | D:10     | Entered Level 10 of the Dungeon
 10553 | D:10     | Found a flagged portal.
 10578 | Bailey   | Entered a bailey
 10721 | Bailey   | Noticed an orc knight
 10792 | Bailey   | Killed an orc knight
 11041 | D:10     | Received a gift from Trog
 11279 | D:10     | Noticed Urug
 11288 | D:10     | Slain by Urug

Levels and vault maps discovered:
D:1:      beargit_arrival_greenhouse, layout_loops_ring, hex_medium
D:2:      layout_basic, minmay_misc_feat_room
D:3:      layout_loops_ring, cheibrodos_sewer_entry_drain, first_ration,
          lemuel_old_faithful, uniq_robin, uniq_ijyb
D:4:      layout_rooms, wad_floor_pattern_untrapped, nemelex_spade_bored_becter
D:5:      layout_loops_cross, minmay_temple_entry_fiery,
          nicolae_gozag_cash_rules_everything_around_me
D:6:      layout_gridville, gammafunk_ghost_split, trog_book
D:7:      layout_gridville, nicolae_dithmenos_the_darkroom
D:8:      layout_rooms, kennysheep_mini_moat, erik_lair_island, grunt_livestock
D:9:      layout_loops_ring, chequers_temple_overflow_statue_of_worship,
          serial_park_tiny_2, uniq_erolcha, uniq_joseph
D:10:     layout_basic, enter_bailey_2, chequers_garden, uniq_urug
Temple:   eino_temple_rhombus

Skill      XL: |  1  2  3  4  5  6  7  8  9 10 11 |
---------------+----------------------------------+-----
Dodging        | 2 3 4 6 7 |  7.1
Axes           | 3 4 5 6 8 |  8.9
Armour         | 3 4 5 6 7 8 9 |  9.3
Fighting       | 4 5 6 8 9 10 | 10.5

Action                   |  1- 3 |  4- 6 |  7- 9 | 10-12 || total
-------------------------+-------+-------+-------+-------++-------
Melee: Hand axe          |   101 |   389 |   734 |    49 ||  1273
       War axe           |       |       |       |   387 ||   387
Invok: Berserk           |     1 |     4 |     5 |     4 ||    14
       Trog's Hand       |       |       |     5 |     1 ||     6
  Use: Scroll            |       |       |       |    22 ||    22
 Stab: Sleeping          |     1 |     1 |       |       ||     2
  Eat: Chunk             |     1 |    11 |    15 |    12 ||    39
       Ration            |       |       |     5 |     1 ||     6
Armor: Animal skin       |    42 |   159 |    69 |       ||   270
       Plate armour      |       |       |   707 |   411 ||  1118
       Chain mail        |       |       |     6 |       ||     6
       Skin              |       |       |     3 |       ||     3
Dodge: Dodged            |    82 |   273 |   393 |   275 ||  1023
